Cogmind - Beta 13 @@@ ROGUE MODE // 2024.04.02 @ 15:41:17 Player: Crafthog Result: Destroyed by Y-54 Guardian with Flak Gun Performance ------------- Evolutions (3) 1500 Regions Visited (4) 800 Robots Destroyed (98) 490 Value Destroyed (2413) 2413 Prototype IDs (1) 20 Alien Tech Used (0) 0 Bonus (79) 79 TOTAL SCORE: 5302 Bonus ------- High Alert Combat Kills 79 Cogmind --------- Core Integrity 0/700 Matter 137/300 Energy 100/100 System Corruption 0% Temperature Cool (6) Movement Core (200) Ox3 Location -7/Factory Parts ------- > --- POWER (1) -------- (None) > --- PROPULSION (5) --- (None) > --- UTILITY (4) ------ Medium Storage Unit Core Analyzer Core Analyzer > --- WEAPON (3) ------- (None) > --- INVENTORY (10) --- Improved Targeting Computer Improved Targeting Computer Peak State ------------ > --- POWER ------------ Enhanced Nuclear Core > --- PROPULSION ------- Aluminum Leg Carbon-fiber Leg Improved Titanium Leg Improved Titanium Leg Improved Titanium Leg > --- UTILITY ---------- Improved Heat Sink Medium Storage Unit Core Analyzer Hacking Suite > --- WEAPON ----------- Field Laser Thermic Laser Autogun > --- INVENTORY -------- Reinforced Ion Engine Improved Targeting Computer Improved Targeting Computer Improved Targeting Computer Core Analyzer Core Analyzer Hardened Medium Armor Plating Mini Grenade Launcher Missile Launcher [Rating: 44] Favorites ----------- Power Reinforced Ion Engine Engine Reinforced Ion Engine Power Core Enhanced Nuclear Core Propulsion Aluminum Leg Leg Aluminum Leg Utility Small Storage Unit Device Improved Heat Sink Storage Small Storage Unit Processor Core Analyzer Hackware Hacking Suite Protection Hardened Medium Armor Plating Weapon Spread Laser Energy Gun Spread Laser Ballistic Gun Assault Rifle Ballistic Cannon Light Cannon Launcher Mini Grenade Launcher Build | -11 -10 -9 -8 -7 ------- Run | Yrd Mat Mat Mat Fac Slots Evolved 6 | . . 2 2 2 Power . | . . . . . Propulsion 3 | . . 1 1 1 Utility 2 | . . 1 . 1 Weapon 1 | . . . 1 . Parts Attached 94 | 6 5 35 15 33 Power 7 | 1 1 2 1 2 Engine 6 | 1 1 2 1 1 Core 1 | . . . . 1 Reactor . | . . . . . Propulsion 19 | 2 1 9 5 2 Treads . | . . . . . Leg 19 | 2 1 9 5 2 Wheel . | . . . . . Hover . | . . . . . Flight . | . . . . . Utility 20 | 2 2 4 4 8 Device 5 | 1 . 2 1 1 Storage 5 | 1 2 . 1 1 Processor 8 | . . 2 2 4 Hackware 1 | . . . . 1 Protection 1 | . . . . 1 Artifact . | . . . . . Weapon 48 | 1 1 20 5 21 Energy Gun 23 | . 1 10 3 9 Energy Cannon . | . . . . . Ballistic Gun 8 | 1 . 2 . 5 Ballistic Cannon 1 | . . 1 . . Launcher 16 | . . 7 2 7 Special Weapon . | . . . . . Impact Weapon . | . . . . . Slashing Weapon . | . . . . . Piercing Weapon . | . . . . . Special Melee Weapon . | . . . . . Unidentified Prototypes 1 | . . . . 1 Parts Lost 38 | . 3 13 1 21 Power 4 | . 1 1 . 2 Propulsion 11 | . 1 5 . 5 Utility 11 | . 1 3 1 6 Weapon 12 | . . 4 . 8 Highest Loss Streak 8 | . 2 7 1 8 To Critical Strikes 1 | . . . . 1 Average Slot Usage (%) 86 | . 92 80 96 83 Engine 8 | . 13 10 9 4 Leg 28 | . 27 28 35 25 Device 7 | . 13 6 7 6 Storage 9 | . 14 11 8 6 Processor 4 | . . 2 9 5 Hackware 2 | . . . . 6 Energy Gun 14 | . 8 9 25 12 Ballistic Gun 4 | . 14 3 . 4 Ballistic Cannon 1 | . . 6 . . Launcher 1 | . . 1 . 3 Naked Turns . | . . . . . Heaviest Build 40 | 11 15 22 31 40 Greatest Support 90 | 20 20 30 80 90 Greatest Overweight (x) 13 | . 1 5 . 13 Average Overweight (x) . | . . . . . Largest Inventory Capacity 15 | 8 15 8 10 10 Average Capacity 8 | 7 8 8 8 9 Most Carried 10 | 5 7 8 10 10 Average Carried 6 | 2 4 6 7 7 Final Capacity 10 | 8 8 8 10 10 Final Carried 10 | 3 7 6 10 2 Class Distribution -------------------- 27% | Gunner 26% | Scavenger-Mutant 23% | Mutant 11% | Scavenger-Gunner 6% | Scavenger-Skirmisher 3% | Tank Dominant Class ---------------- Mutant | -10/Materials Scavenger-Mutant | -9/Materials Gunner | -8/Materials Gunner | -7/Factory Resources | -11 -10 -9 -8 -7 ----------- Run | Yrd Mat Mat Mat Fac Matter Collected 1663 | 281 173 493 313 403 Remotely 367 | 128 173 . . 66 Salvage Created 2531 | 74 536 944 533 444 Parts 191 | 5 40 77 36 33 Haulers Intercepted 5 | . . 1 4 . Recyclers Shooed 3 | . . . 1 2 Parts Field Recycled . | . . . . . Retrieved Matter . | . . . . . Parts Self-Destructed . | . . . . . Prevented . | . . . . . Kills | -11 -10 -9 -8 -7 ------- Run | Yrd Mat Mat Mat Fac Combat Hostiles Destroyed 57 | . 8 29 9 11 Guns 23 | . 8 7 6 2 Cannons 7 | . . 7 . . AOE 27 | . . 15 3 9 Classes Destroyed 13 | 2 4 5 . 2 Worker 10 | . 1 3 3 3 Builder 7 | . . 2 1 4 Tunneler 4 | 1 . 2 . 1 Hauler 5 | . . 1 4 . Recycler 5 | 1 1 . 1 2 Mechanic 1 | . . 1 . . Operator 4 | . 2 . 2 . Watcher 5 | . 2 2 . 1 Swarmer 14 | . . 7 3 4 Grunt 31 | . 8 16 4 3 Sentry 9 | . . 6 2 1 Hunter 1 | . . . . 1 Programmer 2 | . . . . 2 Best Kill Streak 8 | 2 5 8 5 5 Combat Bots Only 6 | . 4 6 3 4 Max Kills in Single Turn 5 | 1 1 4 5 2 Gunslinging . | . . . . . Exploded 3 | . . 2 3 2 Melee . | . . . . . Uniques/NPCs Destroyed . | . . . . . Combat | -11 -10 -9 -8 -7 -------- Run | Yrd Mat Mat Mat Fac Hostile Shots Fired 599 | . 78 129 40 352 Missed 206 | . 26 40 12 128 Damage Taken 4941 | . 609 1250 407 2675 Core 1168 | . 149 280 35 704 Absorbed by Shields . | . . . . . Core Remaining (%) 65 | 100 40 30 93 . Volleys Fired 175 | 7 41 58 27 42 Largest 3 | 1 2 2 3 3 Hottest 195 | 20 60 79 195 195 Shots Fired 323 | 7 57 104 79 76 Gun 260 | 7 57 63 77 56 Cannon 19 | . . 19 . . Launcher 44 | . . 22 2 20 Special . | . . . . . Kinetic 128 | 7 41 51 . 29 Thermal 126 | . . 22 77 27 Explosive 44 | . . 22 2 20 Electromagnetic 25 | . 16 9 . . Robot Hit Streak 25 | 4 13 20 25 9 Robot Miss Streak 9 | 1 4 4 8 9 Penetration Max 1 | . . . . 1 Secondary Targets 1 | . . 1 . . Max Gunslinging Chain 1 | . . 1 . . Shots Hit Robots 207 | 5 34 66 56 46 Core Hits 250 | 3 24 69 99 55 Critical Kills . | . . . . . Critical Parts Destroyed 1 | . . . . 1 Critical Strikes 2 | . . . . 2 Burn 1 | . . . . 1 Destroy 1 | . . . . 1 Melee Attacks . | . . . . . Impact . | . . . . . Slashing . | . . . . . Piercing . | . . . . . Sneak Attacks . | . . . . . Combat Hostiles . | . . . . . Follow-up Attacks . | . . . . . Damage Inflicted 5909 | 57 455 2260 1172 1965 Guns 2411 | 57 455 568 770 561 Cannons 255 | . . 255 . . Explosions 3191 | . . 1390 402 1399 Melee . | . . . . . Ramming 52 | . . 47 . 5 Kinetic 1287 | 57 365 541 . 324 Thermal 1294 | . . 190 770 334 Explosive 3094 | . . 1390 402 1302 Electromagnetic 182 | . 90 92 . . Impact . | . . . . . Slashing . | . . . . . Piercing . | . . . . . Highest Corruption . | . . . . . Average Corruption . | . . . . . Corruption Purged . | . . . . . Corruption Blocked . | . . . . . Overload Shots . | . . . . . Overflow Damage 99 | . . 39 . 60 Projectiles . | . . . . . Explosions 99 | . . 39 . 60 Melee . | . . . . . Knockbacks 2 | . . 2 . . Impact 1 | . . 1 . . Kinetic 1 | . . 1 . . Secondary . | . . . . . Self-Inflicted Damage 568 | . . 102 56 410 Shots 15 | . . 5 2 8 Rammed 6 | . . . . 6 Targets Rammed 13 | . . 7 . 6 Kicked 7 | . . 7 . . Crushed . | . . . . . Highest Temperature 418 | . 24 146 418 78 Average Temperature 66 | . 9 43 106 21 Received Heat Transfer 1398 | . 333 552 180 333 Siege Activations . | . . . . . Robots Corrupted . | . . . . . Combat Hostiles . | . . . . . Parts Fried 2 | . 2 . . . Impact Corruptions . | . . . . . Robots Melted . | . . . . . Combat Hostiles . | . . . . . Parts Melted 2 | . . 2 . . Heat Transferred 2025 | . . 459 990 576 Parts Sabotaged . | . . . . . Parts Stolen . | . . . . . Parts Stripped . | . . . . . Power Chain Reactions . | . . . . . Alert | -11 -10 -9 -8 -7 ------- Run | Yrd Mat Mat Mat Fac Peak Influence 668 | 10 140 668 385 251 Initial 282 | . 6 46 282 175 Average 208 | 4 69 274 313 164 Maximum Alert Level 2 | . . 2 1 1 Low Security (%) 54 | 100 100 34 4 78 Level 1 39 | . . 44 95 21 Level 2 5 | . . 20 . . Level 3 . | . . . . . Level 4 . | . . . . . Level 5 . | . . . . . High Security . | . . . . . Max Security . | . . . . . Squads Dispatched 15 | . 5 3 3 4 Investigation 6 | . 4 1 . 1 Extermination 2 | . . . . 2 Reinforcement 7 | . 1 2 3 1 Assault . | . . . . . Garrison . | . . . . . Intercept . | . . . . . Searches Triggered . | . . . . . Construction Impeded 2 | . . 1 1 . Haulers Reinforced . | . . . . . Active Scanning Responses . | . . . . . Cargo Convoy Interrupts . | . . . . . Stealth | -11 -10 -9 -8 -7 --------- Run | Yrd Mat Mat Mat Fac Distress Signals 8 | . . 6 1 1 Communications Jammed . | . . . . . Distress Signals . | . . . . . Times Spotted 89 | . 16 39 16 18 Peak Tracking Total 6 | . 3 5 6 5 Tactical Retreats 1 | . . . 1 . Traps | -11 -10 -9 -8 -7 ------- Run | Yrd Mat Mat Mat Fac Traps Triggered 3 | . 2 . . 1 Indirectly . | . . . . . Trap Hack Attempts . | . . . . . Triggered . | . . . . . Disarmed . | . . . . . Reprogrammed . | . . . . . Reused . | . . . . . Traps Extracted . | . . . . . Installed . | . . . . . Triggered . | . . . . . Machines | -11 -10 -9 -8 -7 ---------- Run | Yrd Mat Mat Mat Fac Machines Disabled 14 | . 1 5 2 6 Max in Single Turn 5 | . 1 2 2 5 Machines Repaired . | . . . . . Machines Dismantled . | . . . . . Machines Sabotaged . | . . . . . Overloaded Fab Kills . | . . . . . Hacking | -11 -10 -9 -8 -7 --------- Run | Yrd Mat Mat Mat Fac Machines Accessed 17 | . 5 6 2 4 Terminals 17 | . 5 6 2 4 Fabricators . | . . . . . Repair Stations . | . . . . . Recycling Units . | . . . . . Scanalyzers . | . . . . . Garrison Access . | . . . . . Total Hacks 40 | . 12 16 4 8 Successful 9 | . 1 3 2 3 Failed 31 | . 11 13 2 5 Catastrophic 11 | . 4 5 1 1 Database Lockouts . | . . . . . Manual 34 | . 11 13 4 6 Terminals 40 | . 12 16 4 8 Fabricators . | . . . . . Repair Stations . | . . . . . Recycling Units . | . . . . . Scanalyzers . | . . . . . Garrison Access . | . . . . . Terminal Hacks 9 | . 1 3 2 3 Open DSF 1 | . . . . 1 Terminal Index 4 | . 1 1 1 1 Alert Level 2 | . . 2 . . Hauler Manifests 2 | . . . 1 1 Fabricator Hacks . | . . . . . Repair Station Hacks . | . . . . . Recycling Unit Hacks . | . . . . . Scanalyzer . | . . . . . Garrison Access Hacks . | . . . . . Unauthorized Hacks . | . . . . . Terminals . | . . . . . Fabricators . | . . . . . Repair Stations . | . . . . . Recycling Units . | . . . . . Scanalyzers . | . . . . . Garrison Access . | . . . . . Data Cores Recovered 1 | . 1 . . . Used . | . . . . . Hacking Detections 15 | . 5 6 1 3 Full Trace Events 3 | . 2 1 . . Feedback Events . | . . . . . Feedback Blocked . | . . . . . Robot Schematics Acquired . | . . . . . Robots Built . | . . . . . Authchips . | . . . . . Time . | . . . . . Total Robot Build Rating . | . . . . . Part Schematics Acquired . | . . . . . Parts Built . | . . . . . Authchips . | . . . . . Time . | . . . . . Total Part Build Rating . | . . . . . Parts Repaired . | . . . . . Time . | . . . . . Parts Recycled . | . . . . . Recycled Matter . | . . . . . Retrieved Matter . | . . . . . Retrieved Components . | . . . . . Parts Scanalyzed . | . . . . . Part Schematics Acquired . | . . . . . Parts Damaged . | . . . . . Bothacking | -11 -10 -9 -8 -7 ------------ Run | Yrd Mat Mat Mat Fac Used RIF Installer . | . . . . . Robots Hacked . | . . . . . Non-combat . | . . . . . Combat . | . . . . . Robot Hacks Applied . | . . . . . Relay Couplers Released . | . . . . . Fabnet Peak Effective % . | . . . . . Robots Rewired . | . . . . . Allies Hacked . | . . . . . Hacks Repelled . | . . . . . Allies | -11 -10 -9 -8 -7 -------- Run | Yrd Mat Mat Mat Fac Total Allies . | . . . . . Largest Group . | . . . . . Highest-Rated Group . | . . . . . Highest-Rated Ally . | . . . . . Total Orders . | . . . . . Ally Attacks . | . . . . . Total Damage . | . . . . . Kills . | . . . . . Allies Corrupted . | . . . . . Allies Melted . | . . . . . Intel | -11 -10 -9 -8 -7 ------- Run | Yrd Mat Mat Mat Fac Robot Analysis Total . | . . . . . Derelict Logs Recovered . | . . . . . Drone Launches . | . . . . . Drone Recoveries . | . . . . . Exploration | -11 -10 -9 -8 -7 ------------- Run | Yrd Mat Mat Mat Fac Turns Passed 4016 | 79 577 1067 859 1434 Spaces Moved 2450 | 59 363 651 536 841 Core 80 | 28 . 13 . 39 Treads . | . . . . . Legs 2370 | 31 363 638 536 802 Wheels . | . . . . . Hover . | . . . . . Flight . | . . . . . Fastest Speed 50 | 50 120 120 120 123 Average Speed 130 | 86 122 122 125 145 Slowest Speed 700 | 120 190 300 130 700 Overloaded Moves . | . . . . . Propulsion Burnouts . | . . . . . Robots Hopped . | . . . . . Cave-ins Triggered . | . . . . . Exploration Rate (%) 27 | 3 50 38 33 15 Regions Visited 4 Branch Regions . Pre-discovered Areas . | . . . . . Known Exits Taken . | . . . . . Unknown Exits Taken 4 | 1 1 1 1 . Scrap Searched . | . . . . . Spaces Dug . | . . . . . Terrain Destroyed 338 | . . 133 40 165 Melee . | . . . . . Projectile . | . . . . . AOE 338 | . . 133 40 165 Terrain Rammed . | . . . . . Walls Destroyed . | . . . . . Machines Disabled . | . . . . . Actions | -11 -10 -9 -8 -7 --------- Run | Yrd Mat Mat Mat Fac Total 2970 | 80 440 808 664 978 Wait 136 | . 24 25 57 30 Move 2446 | 58 362 650 535 841 Hop . | . . . . . Pick Up 78 | 9 7 24 21 17 Fast Attach . | . . . . . Attach 47 | 6 3 16 6 16 Detach 1 | . . . . 1 Swap 47 | . 2 19 9 17 Drop 27 | . 1 9 9 8 Fire 175 | 7 41 58 27 42 Melee . | . . . . . Ram 6 | . . . . 6 Kick 7 | . . 7 . . Crush . | . . . . . Escape Stasis . | . . . . . Rewire . | . . . . . Trap . | . . . . . Miscellaneous . | . . . . . Route ------- -11/Scrapyard -10/Materials (discovered 2 exits: *Mat / [*Min]) -9/Materials -8/Materials -7/Factory History --------- Turn | Location | Event 6 | -11/Scrapyard | Discovered new exit (range 16) 80 | -11/Scrapyard | Entered Materials 316 | -10/Materials | Build established: Mutant 413 | -10/Materials | Discovered new exit (range 13) 568 | -10/Materials | Discovered new exit (range 15) 651 | -10/Materials | Core integrity fell below 50% 657 | -10/Materials | Entered another Materials area 657 | -9/Materials | Evolved 2 slots: Propulsion x1, Utility x1 772 | -9/Materials | Lost 4 parts (2n2w) 1209 | -9/Materials | Build established: Scavenger-Mutant 1506 | -9/Materials | Core integrity fell below 50% 1637 | -9/Materials | Lost 7 parts (3n2u2w) 1679 | -9/Materials | Discovered new exit (range 10) 1724 | -9/Materials | Entered another Materials area 1724 | -8/Materials | Evolved 2 slots: Propulsion x1, Weapon x1 2449 | -8/Materials | Build established: Gunner 2551 | -8/Materials | Discovered new exit (range 12) 2583 | -8/Materials | Entered Factory 2583 | -7/Factory | Evolved 2 slots: Propulsion x1, Utility x1 3505 | -7/Factory | Lost 6 parts (1p3n1u1w) 3785 | -7/Factory | Lost 6 parts (2n1u3w) 3795 | -7/Factory | Core integrity fell below 50% 3990 | -7/Factory | Core integrity fell below 20% 4017 | -7/Factory | Destroyed by Y-54 Guardian with Flak Gun Last Messages --------------- Slammed into Y-54 Guardian. U-05 Engineer lays Concrete. U-05 Engineer builds a Wall. Slammed into Y-54 Guardian. R-06 Scavenger collects Welding Torch. R-06 Scavenger collects Terrain Scan Processor. Slammed into Y-54 Guardian. Acquired 7 matter. R-06 Scavenger collects Structural Scanner. U-05 Engineer lays Concrete. Imp. Targeting Computer destroyed. U-05 Engineer builds a Wall. Slammed into Y-54 Guardian. R-06 Scavenger collects Wheel. U-05 Engineer lays Concrete. U-05 Engineer builds a Door. R-06 Scavenger collects Structural Scanner. R-06 Scavenger collects Welding Torch. U-05 Engineer builds a Wall. [Achievement: 5k Club] Map ----- +----------------------------------------------------+ | #??????????????????????????????????????? | | ##### #??????????????????????????????????????? | | # ####??##??#????????????????????????????? | | # # ### ## #????????????????????????????? | | + # #????????????????????????????? | | # ""####?????????????????????????? | | ???# # #?????????????????????????? | | ????# # #?????????????????????????? | | ????# # #?????????????????????????? | | ????# =# #?????????????????????????? | | ????# | # # ???????????????????????? | | ???## # " "???????????????????????? | | #### + " "???????????????????????? | | # # " "???????????????????????? | | # " "??????????????????????? | | # # " "??????????????????????? | | # * # " ???????????????????????? | | "" # # " "???????????????????????? | | " + ##### """" ????????????????????????? | | " # ##??? " ????????????????????????? | | " #?????######## ????????????????????????? | | #??????????????????????????????????????? | | % #????????###???????????????????????????? | | +#### ########## ######+####??????? "????????? | | r * #??? ????????? | | | @ # ???????? | | Y + ????????? | | k u# !!????????? | | u r #???? !?????????? | | # T############### ######## #?????????????????? | | ####?????????? ## #?????????????????? | | #?????????? ###? +?????????????????? | | #??????????""" """ #??? ####?????????????????? | | #???????????"" [[ """ #????#????????????????????? | | #???????????"" [ """ #?????????????????????????? | | #?????????? #?????????????????????????? | | #??????????""" """ """ #?????????????????????????? | | #??????????""" """ "?" #?????????????????????????? | | #???????????"" """ "?" ?????????????????????????? | | #???????????? ??? ??? #?????????????????????????? | | #????????????????##???#??????????????????????????? | | #????????????????????????????????????????????????? | | #????????????????????????????????????????????????? | | ?????????????????????????????????????????????????? | | ?????????????????????????????????????????????????? | | ?????????????????????????????????????????????????? | | ?????????????????????????????????????????????????? | | ?????????????????????????????????????????????????? | | ?????????????????????????????????????????????????? | | ?????????????????????????????????????????????????? | +----------------------------------------------------+ Best States ------------- Heat Dissipation 48 Energy Generation 17 Energy Capacity 300 Matter Stores 300 Matter Capacity 300 Sight Range 18 Robot Scan Range 14 Terrain Scan Density 10 Armor Coverage 225 Evasion (%) 55 Targeting Accuracy 6 Core Analysis 9 Offensive Hacking 10 Item Schematics ----------------- None Robot Schematics ------------------ None Fabricated ------------ Nothing Alien Tech Used ----------------- None Achievements -------------- 5k Club Made in Tau Ceti IV Please Form A Line Remodeling Use The Force Challenges ------------ None Game ------ Seed TitaniumVariableCoupler Manual? 0 Play Time 00:46:02 Cumulative 2.9 hours Start 2024.04.02 @ 14:55:30 End 2024.04.02 @ 15:41:17 Sessions 5 Manual Loads 0 Difficulty Rogue Special Mode None Game No. 7 Rogue 7 Adventurer 0 Explorer 0 Win Type - Total 0 Types 0/0/0/0/0/0/0/0/0 Lore% 3 Gallery% 7 Achievement% 8 Wizard Run 0 Options --------- Layout 1 ASCII 0 Keyboard 0 Movement Arrows Keybinds 0 Fullscreen 1 Font 24/Smallcaps Map View 76x35 Zoom Use 0% Tactical HUD 0 Map Filters NONE Filters NONE Steam 1 RUN: fa60fa35-0317-486c-a4f1-952037ae30f9